 Dungeon Crawl Stone Soup version 0.29.1-1-gd02db6906a (webtiles) character file.

Game seed: 14759968936333148074

33 LustLizard the Trooper (level 3, -3/29 HPs)
             Began as a Demonspawn Fighter on Oct 5, 2022.
             Splashed by a jelly's acid (10 damage)
             ... on level 2 of the Dungeon.
             The game lasted 00:01:25 (1625 turns).

LustLizard the Trooper (Demonspawn Fighter)         Turns: 1625, Time: 00:01:26

Health: -3/29      AC:  2    Str: 16    XL:     3   Next: 12%
Magic:  3/3        EV:  8    Int:  9    God:
Gold:   87         SH:  4    Dex: 14    Spells: 2/2 levels left

rFire   . . .      SeeInvis .   a - +0 long sword
rCold   . . .      Faith    .   c - +0 buckler
rNeg    . . .      Spirit   .   b - +0 scale mail
rPois   .          Reflect  .   (no helmet)
rElec   .          Harm     .   (no cloak)
rCorr   .          Rampage  .   (no gloves)
Will    .....                   (no boots)
Stlth   ..........              (no amulet)
HPRegen 0.09/turn               (no ring)
MPRegen 0.08/turn               (no ring)

@: corroded
A: powered by pain 1
a: no special abilities


You were on level 2 of the Dungeon.
You visited 1 branch of the dungeon, and saw 2 of its levels.

You collected 87 gold pieces.

Inventory:

Hand Weapons
 a - a +0 long sword (weapon)
Missiles
 e - 23 stones (quivered)
Armour
 b - a +0 scale mail (worn)
 c - a +0 buckler (worn)
Wands
 l - a wand of polymorph (4)
Scrolls
 g - a scroll of identify {unknown}
 j - a scroll of amnesia {unknown}
Potions
 d - a potion of might
 f - a potion of heal wounds {unknown}
 h - a potion of flight {unknown}
 i - a potion of haste {unknown}
 k - a potion of ambrosia {unknown}


   Skills:
 + Level 3.3 Fighting
 * Level 2.6 Long Blades
 * Level 1.0 Throwing
 - Level 2.6 Armour
 - Level 2.6 Shields


You had 2 spell levels left.
You didn't know any spells.
Your spell library contained the following spells:

 Spells                   Type           Power      Damage    Failure   Level
 Slow                     Hex            0%         N/A       89%         1
 Confusing Touch          Hex            0%         N/A       99%         3
 Vampiric Draining        Necr           0%         2d6       99%         3


Dungeon Overview and Level Annotations

Branches:
Dungeon (2/15)

Altars:


Innate Abilities, Weirdness & Mutations

You sometimes gain a little power by taking damage.


Message History

The endoplasm closely misses you.
You hit the endoplasm but do no damage.
The endoplasm is lightly wounded.
The endoplasm freezes you.
You are frozen.
Something hits the fungus.
The fungus begins to die.
Something hits the fungus.
You block the endoplasm's attack.
You hit the endoplasm.
The endoplasm is almost dead.
A nearby fungus withers and dies.
Something hits the fungus.
The endoplasm hits you.
You slash the endoplasm!
You kill the endoplasm!
You hit the endoplasm.
The endoplasm is moderately wounded.
A nearby fungus withers and dies.
The endoplasm freezes you.
You are frozen.
The endoplasm barely misses you.
You hit the endoplasm but do no damage.
The endoplasm is moderately wounded.
The endoplasm misses you.
You barely miss the endoplasm.
The endoplasm is moderately wounded.
You hit the jelly.
Your hands burn!
The jelly is lightly wounded.
The jelly hits you but does no damage.
You hit the jelly. The acid corrodes you!
Your hands burn!
The jelly is heavily wounded.
The jelly hits you but does no damage.
You hit the jelly.
Your hands burn!
The jelly is heavily wounded.
The jelly hits you but does no damage.
You hit the jelly but do no damage.
Your hands burn!
The jelly is heavily wounded.
You block the jelly's attack.
You hit the jelly but do no damage.
Your hands burn!
The jelly is heavily wounded.
The jelly barely misses you. The jelly hits you.
* * * LOW HITPOINT WARNING * * *
You are splashed with acid!
You die...

##.....#######.##
#.......######.#
#.......##.....#
#.......########
#.......#
####....#
##..'....#
#.########
##..)..@##
#######J#
JJ....JJJ#
JP.P...J.#
.P...P...#
.P.P.P.P.#
÷÷J......#
$P.P÷..P.#
##########


You could see a jelly and 3 endoplasms.

Vanquished Creatures
  A dart slug (D:1)
  2 endoplasms (D:2)
  2 giant cockroaches (D:1)
  2 goblins (D:2)
  A hobgoblin (D:1)
  5 jackals
  A ball python (D:1)
  A bat (D:1)
  3 frilled lizards (D:1)
  10 kobolds
  A rat (D:1)
29 creatures vanquished.

Vanquished Creatures (others)
  4 fungi (D:2)
  3 toadstools (D:2)
7 creatures vanquished.

Grand Total: 36 creatures vanquished

Notes
Turn   | Place    | Note
-------+----------+-------------------------------------------
     0 | D:1      | LustLizard the Demonspawn Fighter began the quest for the
                  | Orb.
     0 | D:1      | Reached XP level 1. HP: 18/18 MP: 1/1
   283 | D:1      | Gained mutation: You sometimes gain a little power by
                  | taking damage. [demonic ancestry]
   283 | D:1      | Reached XP level 2. HP: 24/24 MP: 2/2
  1573 | D:2      | Reached XP level 3. HP: 28/29 MP: 3/3
  1606 | D:2      | Reached skill level 1 in Throwing
  1625 | D:2      | Splashed by a jelly's acid

Illustrated notes

Levels and vault maps discovered:
D:1:      dpeg_arrival_brainrot, layout_basic, serial_forest,
          infiniplex_forest_zigzag_2, infiniplex_forest_clump_curved,
          infiniplex_forest_end_double, infiniplex_forest_end_3,
          infiniplex_forest_lined_4_way, infiniplex_forest_end_3,
          minmay_domino_4
D:2:      cheibrodos_fertilizer, layout_loops_corners,
          shapermc_ecumenical_altar_mp_urbaneastern, basic_altar

Skill      XL: |  1  2  3 |
---------------+----------+-----
Long Blades    | 2 |  2.6
Throwing       | 1 |  1.0
Fighting       | |  3.3
Armour         | |  2.6
Shields        | |  2.6

Action                   || total
-------------------------++-------
Melee: Long sword        ||   103
Armor: Scale mail        ||    56
Dodge: Dodged            ||    47
Block: Buckler           ||    19
